AoeStats
← Marcotangaloca

Arena

513754336Analyzed
3v3 RM · 2d ago on Oct 15, 2026· 43m 54s· 6 players
Game mode
Random Map
Map size
Normal (6 player)
Population
200
Speed
Normal
Resources
Standard
Victory
Conquest
Starting age
Dark Age
Ending age
Imperial Age
RankedLock teamsTeams togetherTeam positionsShared explorationLock speedFull tech treeHidden civsTurbo modeCheats
Victory
Defeat
🇲🇽 Saxons · Mexico
996
+20
🇲🇽 Koreans · Mexico
982
+20
🇲🇽 Bohemians · Mexico
938
+22
vs
🇦🇺 Spanish · Australia
1097
-21
🇦🇺 Bulgarians · Australia
1087
-21
🇨🇦 Celts · Canada
1052
-20
recon
11:01 Feudal Age
16:51 Castle Age
15:34 Double-Bit Axe
15:40 Horse Collar
16:08 Stone Mining
18:39 Bow Saw
18:35 Heavy Plow
19:23 Stone Shaft Mining
20:48 Wheelbarrow
23:07 Hand Cart
22:53 Man-at-Arms
23:31 Gold Mining
24:50 Forging
25:58 Scale Mail Armor
25:46 Long Swordsman
27:14 Pikeman
31:22 Scale Barding Armor
31:53 Iron Casting
32:18 Gambesons
32:51 Chain Mail Armor
32:57 Chain Barding Armor
32:42 Husbandry
37:31 Imperial Age
34:28 Light Cavalry
39:00 Elite Woad Raider
39:10 Two-Handed Swordsman
39:10 Halberdier
40:23 Plate Mail Armor
42:15 Furor Celtica
41:45 Champion
42:35 Cavalier
Victor_Wembanyama
10:59 Feudal Age
12:02 Double-Bit Axe
11:58 Horse Collar
15:28 Castle Age
17:27 Bow Saw
17:50 Heavy Plow
19:05 Wheelbarrow
23:23 Fletching
25:57 Gold Mining
28:39 Hand Cart
28:33 Loom
33:00 Imperial Age
31:13 Bloodlines
31:04 Husbandry
33:26 Forging
33:22 Scale Barding Armor
34:49 Chemistry
33:25 Cavalier
34:47 Iron Casting
34:33 Chain Barding Armor
37:41 Paladin
37:44 Light Cavalry
39:28 Blast Furnace
39:04 Plate Barding Armor
38:36 Town Watch
Starving Maggot
10:17 Feudal Age
13:17 Arson
20:13 Fletching
20:41 Scale Mail Armor
24:07 Castle Age
28:56 Loom
35:51 Scale Barding Armor
39:20 Bloodlines
BlackOwl
7:46 Loom
9:52 Feudal Age
10:43 Double-Bit Axe
15:21 Castle Age
19:45 Horse Collar
23:32 Wheelbarrow
27:09 Hand Cart
28:33 Bow Saw
28:43 Padded Archer Armor
28:36 Fletching
34:03 Imperial Age
31:40 Town Watch
32:32 Bodkin Arrow
35:09 Chemistry
35:12 Conscription
35:02 Town Patrol
34:32 Elite Hussite Wagon
35:20 Wagenburg Tactics
36:19 Wagenburg Tactics
37:18 Pikeman
38:12 Forging
38:03 Bracer
38:04 Scale Mail Armor
39:22 Siege Engineers
40:34 Iron Casting
39:50 Halberdier
40:31 Squires
42:30 Blast Furnace
41:45 Chain Mail Armor
Marcotangaloca
11:21 Feudal Age
11:52 Double-Bit Axe
16:21 Castle Age
14:30 Stone Mining
16:59 Horse Collar
17:56 Loom
29:58 Wheelbarrow
31:13 Hand Cart
31:37 Bow Saw
33:10 Gold Mining
36:40 Imperial Age
34:25 Heavy Plow
34:39 Forging
34:29 Scale Mail Armor
34:29 Clerical Recruitment
36:28 Gold Shaft Mining
37:38 Iron Casting
37:11 Shield Wall
39:00 Two-Man Saw
38:36 Redemption
39:56 Crop Rotation
40:11 Town Watch
39:57 Elite Hearth Troop
42:18 Chain Mail Armor
41:53 Fletching
43:59 Chemistry
42:39 Treadmill Crane
rodrigg2003
6:33 Loom
9:59 Feudal Age
10:39 Double-Bit Axe
12:38 Fletching
23:09 Castle Age
24:01 Bodkin Arrow
27:50 Wheelbarrow
28:49 Bow Saw
30:06 Hand Cart
29:42 Horse Collar
30:14 Man-at-Arms
32:13 Crossbowman
33:39 Long Swordsman
34:31 Gold Mining
34:45 Stone Mining
34:44 Crossbowman
35:47 Thumb Ring
37:59 Gold Shaft Mining
37:22 Town Watch
41:02 Imperial Age
38:40 Heavy Plow
40:04 Eupseong
42:52 Chemistry
42:00 Siege Engineers
41:56 Bracer
42:16 Arbalester
42:39 Heavy Rocket Cart
Connection lost

Rejoining the realm…

Still unreachable

The connection could not be restored.

Session expired

The server has moved on; the page needs a fresh start.